 Dungeon Crawl Stone Soup version 0.30.0-29-ga12c61a403 (webtiles) character file.

Game seed: 16392100993728756588

43 Graphine the Trooper (level 3, -1/29 (30) HPs)
             Began as a Merfolk Fighter on June 17, 2023.
             Slain by Crazy Yiuf
             ... wielding a +4 quarterstaff of chaos
              (9 damage)
             ... on level 2 of the Dungeon.
             The game lasted 00:02:33 (1272 turns).

Graphine the Trooper (Merfolk Fighter)              Turns: 1272, Time: 00:02:33

HP:   -1/29 (30)    AC:  3    Str: 16    XL:     3   Next: 58%
MP:   3/3           EV: 11    Int:  7    God:
Gold: 165           SH:  6    Dex: 15    Spells: 2/2 levels left

rFire   . . .        a - +0 long sword
rCold   . . .        c - +1 buckler
rNeg    . . .        e - +0 leather armour
rPois   .            (no helmet)
rElec   .            (no cloak)
rCorr   .            (no gloves)
SInv    .            (no boots)
Will    .....        (no amulet)
Stlth   +            (no ring)
HPRegen 0.24/turn    (no ring)
MPRegen 0.08/turn

%: no passive effects
@: lethally poisoned (-1 -> -5), lightly drained
A: (nimble swimmer 2), mertail
a: no special abilities


You were on level 2 of the Dungeon.
You visited 1 branch of the dungeon, and saw 2 of its levels.

You collected 165 gold pieces.

Inventory:

Hand Weapons
 a - a +0 long sword (weapon)
Missiles
 k - 6 datura-tipped darts (quivered)
Armour
 c - a +1 buckler (worn)
 e - a +0 leather armour (worn)
Jewellery
 g - a ring of wizardry
Scrolls
 b - 3 scrolls of enchant armour
 j - 2 scrolls of teleportation
 l - a scroll of enchant weapon {unknown}
 m - a scroll of magic mapping {unknown}
 n - a scroll of fear {unknown}
 o - a scroll of blinking
 p - 2 scrolls of identify {unknown}
Potions
 d - 2 potions of might
 f - 3 potions of brilliance {unknown}
 h - 2 potions of heal wounds
 i - a potion of berserk rage {unknown}
 q - a potion of cancellation {unknown}


   Skills:
 * Level 3.8 Fighting
 * Level 3.1 Long Blades
 - Level 2.1 Armour
 * Level 1.9 Dodging
 - Level 3.0 Shields
 + Level 0.3 Spellcasting
 * Level 1.0 Ice Magic


You had 2 spell levels left.
You didn't know any spells.
Your spell library contained the following spells:

 Spells                   Type           Power      Damage    Failure   Level
 Freeze                   Ice            4%         1d3       43%         1
 Frozen Ramparts          Ice            2%         1d1       82%         3
 Hailstorm                Conj/Ice       0%         3d3       87%         3


Dungeon Overview and Level Annotations

Branches:
Dungeon (2/15)

Altars:

Annotations:
D:2 Crazy Yiuf


Innate Abilities, Weirdness & Mutations

((You are very nimble when in or above water. (Stealth+, EV+, Speed+++)))
Your lower body shifts to a powerful aquatic tail in water.


Message History

Your legs become a tail as you enter the water.
p - 2 scrolls labelled RAIRAEKIOH (gained 1)
Your legs become a tail as you enter the water.
Your legs become a tail as you enter the water.
Found a hammer.
Found a hammer.
Found a runed translucent door.
Crazy Yiuf shouts!
You open the door. You hit Crazy Yiuf.
Crazy Yiuf is moderately wounded.
Crazy Yiuf barely misses you.
You hit Crazy Yiuf.
Crazy Yiuf is heavily wounded.
Crazy Yiuf barely misses you.
You hit Crazy Yiuf but do no damage.
Crazy Yiuf is heavily wounded.
Crazy Yiuf misses you.
Crazy Yiuf laughs, "Tonal!"
Crazy Yiuf drinks a potion.
Crazy Yiuf is healed!
You barely miss Crazy Yiuf. You block Crazy Yiuf's attack.
You barely miss Crazy Yiuf. Crazy Yiuf barely misses you.
You slash Crazy Yiuf!
Crazy Yiuf is heavily wounded.
Crazy Yiuf waves his quarterstaff at you.
Crazy Yiuf hits you with a +4 quarterstaff of chaos.
You feel drained. Crazy Yiuf barely misses you.
You closely miss Crazy Yiuf.
Crazy Yiuf is heavily wounded.
Crazy Yiuf hits you with a +4 quarterstaff of chaos!
You are poisoned.
You hit Crazy Yiuf.
Crazy Yiuf is severely wounded.
You feel very sick.
Crazy Yiuf cries, "Gnoll!"
Crazy Yiuf closely misses you.
You closely miss Crazy Yiuf.
Crazy Yiuf is severely wounded.
You feel sick.
Crazy Yiuf hits you with a +4 quarterstaff of chaos!
You die...

#....###...........
#....# #...........
♣.).)♣ #.[.........
♣♣...♣ ######......
♣♣.♣♣ #...... ♣♣.♣
#####.. ♣.♣♣ #.
♣♣.♣ . ♣@♣♣ . #g# .
... . #...# . #)..#
#####


You could see Crazy Yiuf.

Vanquished Creatures
  An adder (D:2)
  2 worms (D:2)
  4 endoplasms
  2 hobgoblins (D:1)
  4 kobolds
  A quokka (D:1)
  4 ball pythons
  4 bats
  3 frilled lizards (D:1)
  A goblin (D:2)
  2 rats
28 creatures vanquished.

Notes
Turn   | Place    | Note
-------+----------+-------------------------------------------
     0 | D:1      | Graphine the Merfolk Fighter began the quest for the Orb.
     0 | D:1      | Reached XP level 1. HP: 18/18 MP: 1/1
   246 | D:1      | Reached skill level 1 in Dodging
   246 | D:1      | Reached XP level 2. HP: 18/24 MP: 2/2
   856 | D:2      | Reached XP level 3. HP: 23/30 MP: 3/3
  1121 | D:2      | Reached skill level 1 in Ice Magic
  1259 | D:2      | Found a runed translucent door.
  1260 | D:2      | Noticed Crazy Yiuf
  1272 | D:2      | Slain by Crazy Yiuf

Illustrated notes

Levels and vault maps discovered:
D:1:      dpeg_arrival_radiant, layout_loops_cross, hex_medium
D:2:      layout_rooms, corexii_item_surrounded_by_moat, serial_bayou_pond_b,
          uniq_crazy_yiuf_cottage

Skill      XL: |  1  2  3 |
---------------+----------+-----
Dodging        | 1 |  1.9
Long Blades    | 3 |  3.1
Ice Magic      | 1 |  1.0
Fighting       | |  3.8
Armour         | |  2.1
Shields        | |  3.0
Spellcasting   | |  0.3

Action                     || total
---------------------------++-------
  Melee: Long sword        ||    79
         Tailslap          ||     5
    Use: Scroll            ||     3
   Stab: Sleeping          ||     1
 Armour: Leather armour    ||    15
         Scale mail        ||     1
  Dodge: Dodged            ||    47
  Block: Buckler           ||    11
